 Dungeon Crawl Stone Soup version 0.32-a0-7-ge934b4519a (webtiles) character file.

Game seed: 2128554868040723395

4963 chukamok the Chiller (level 10, -2/74 HPs)
             Began as a Demonspawn Ice Elementalist on Jan 14, 2024.
             Was a Believer of Kikubaaqudgha.
             Slain by a vampire (6 damage)
             ... on level 7 of the Dungeon.
             The game lasted 01:15:59 (4814 turns).

chukamok the Chiller (Demonspawn Ice Elementalist)  Turns: 4814, Time: 01:15:59

Health: -2/74      AC:  9    Str: 17    XL:     10   Next: 28%
Magic:  23/28      EV: 16    Int: 19    God:    Kikubaaqudgha [**....]
Gold:   352        SH:  0    Dex: 13    Spells: 5/21 levels left

rFire   + + .        a - +4 rapier of Jasesoed {heavy, rPois rN+ Str+7}
rCold   . . .        (no shield)
rNeg    + . .        u - +3 leather armour {rF+}
rPois   +            p - +0 helmet
rElec   .            n - +0 cloak
rCorr   .            g - +0 pair of gloves
SInv    .            (no boots)
Will    .....        (no amulet)
Stlth   +++          f - ring of magical power
HPRegen 0.32/turn    j - ring of protection from fire
MPRegen 0.21/turn

%: no passive effects
@: on berserk cooldown, slowed, very slow
A: repulsion field 2, foul stench 2
a: Renounce Religion, Unearth Wretches


You were on level 7 of the Dungeon.
You worshipped Kikubaaqudgha.
Kikubaaqudgha was pleased with you.
You visited 1 branch of the dungeon, and saw 7 of its levels.

You collected 352 gold pieces.

Inventory:

Hand Weapons
 a - the +4 rapier of Jasesoed (weapon) {heavy, rPois rN+ Str+7}
   (You found it on level 4 of the Dungeon)

   Str+7:     It affects your strength (+7).
   rPois:     It protects you from poison rN+: It protects you from negative
   energy.
 k - a +2 antimagic short sword
 l - a +4 short sword of speed
 t - a +2 flail of protection
 x - a +4 quarterstaff of chaos
 L - the +7 trident of the Foremost Violins {venom, Str+5 Dex-5}
   (You found it on level 7 of the Dungeon)

   Str+5:     It affects your strength (+5).
   Dex-5:     It affects your dexterity (-5).
Missiles
 c - 50 stones
 m - 3 javelins
 y - a throwing net
 z - a boomerang
Armour
 g - a +0 pair of gloves (worn)
 n - a +0 cloak (worn)
 p - a +0 helmet (worn)
 u - a +3 leather armour of fire resistance (worn)
 H - +0 swamp dragon scales
 M - the +0 robe of Theory {rPois Will++ Dex+3}
   (You found it on level 7 of the Dungeon)

   Dex+3:     It affects your dexterity (+3).
   rPois:     It protects you from poison Will++: It greatly increases your
   willpower.
Jewellery
 f - a ring of magical power (left hand)
 j - a ring of protection from fire (right hand)
 J - a ring of protection from cold
 O - a ring of see invisible
 Q - a +6 ring of dexterity
Talismans
 I - a blade talisman
Wands
 A - a wand of acid (8)
Scrolls
 e - a scroll of torment {unknown}
 h - 2 scrolls of identify
 s - 4 scrolls of enchant armour
 B - a scroll of vulnerability {unknown}
 D - a scroll of fear {unknown}
 K - a scroll of teleportation {unknown}
Potions
 b - 2 potions of magic
 d - 2 potions of curing
 i - a potion of attraction {unknown}
 o - a potion of berserk rage
 q - 2 potions of enlightenment
 r - 2 potions of resistance
 v - a potion of heal wounds {unknown}
 w - a potion of invisibility {unknown}
 C - a potion of might {unknown}
 E - 2 potions of ambrosia
 F - a potion of mutation {unknown}
 G - 2 potions of degeneration
Miscellaneous
 N - a lightning rod (2/4)
 P - a box of beasts


   Skills:
 + Level 5.0 Fighting
 + Level 5.1 Dodging
 + Level 5.5 Stealth
 + Level 6.3 Spellcasting
 * Level 4.8 Conjurations
 * Level 5.0 Necromancy
 * Level 7.7 Ice Magic
 + Level 0.6 Evocations


You had 5 spell levels left.
You knew the following spells:

 Your Spells              Type           Power      Damage    Failure   Level
a - Freeze                Ice            100%       1d10      1%          1
b - Frozen Ramparts       Ice            70%        1d11      1%          3
c - Ozocubu's Armour      Ice            35%        N/A       1%          3
d - Freezing Cloud        Conj/Ice/Air   10%        6-21      54%         5
e - Necrotise             Necr           100%       1d9       1%          1
f - Vampiric Draining     Necr           25%        2d7       4%          3

Your spell library contained the following spells:

 Spells                   Type           Power      Damage    Failure   Level
 Kiss of Death            Conj/Necr      96%        2d12      1%          1
 Summon Ice Beast         Ice/Summ       20%        N/A       9%          3
 Cigotuvi's Dreadful Rot  Necr/Alch/Air  24%        N/A       10%         2
 Animate Dead             Necr           25%        N/A       17%         4
 Tukima's Dance           Hex            6%         N/A       36%         3
 Iskenderun's Mystic Bla  Conj/Tloc      15%        2d5       45%         4
 Dimensional Bullseye     Hex/Tloc       3%         N/A       78%         4
 Ignite Poison            Fire/Alch      6%         N/A       78%         4
 Summon Mana Viper        Hex/Summ       6%         N/A       98%         5
 Monstrous Menagerie      Summ           3%         N/A       100%        7


Dungeon Overview and Level Annotations

Branches:
Dungeon (7/15)             Temple (0/1) D:7

Altars:
Cheibriados
Kikubaaqudgha
Ru

Shops:
D:5 :(


Innate Abilities, Weirdness & Mutations

You are surrounded by a moderate repulsion field. (EV +3)
You sometimes emit foul miasma when damaged in melee.


Message History

You hear a bellow!
The wraith completely misses you.
Aiming: Thunderbolt
Press: ? - help, Shift-Dir - straight line, f/p - wraith
Aim: a wraith (foul pestilence, heavily damaged)
The thunderbolt hits the wraith!!
You destroy the wraith!
Kikubaaqudgha accepts your kill.
Your icy armour cracks and falls away as you move.
O - a ring of see invisible
P - a box of beasts
Q - a +6 ring of dexterity
Found a tin of tremorstones (2/2).
A vampire comes into view.
Okay, then.
A red film seems to cover your vision as you go berserk!
You feel yourself moving faster!
You feel mighty!
You feel a strong urge to attack something.
The vampire gestures wildly while chanting.
The vampire flickers and vanishes!
Deactivating autopickup; reactivate with Ctrl-A.
You are too berserk!
You puncture something! Something hits you. Something bites you!
You puncture something! Something hits you. Something completely misses you.
You barely miss something.
You are no longer berserk.
You are exhausted.
You feel yourself slow down. Something hits you. Something bites you!
* * * LOW HITPOINT WARNING * * *
Something draws strength from your injuries!
You barely miss something. Something completely misses you.
Something bites you!
* * * LOW HITPOINT WARNING * * *
Something draws strength from your injuries!
Something hits you!
* * * LOW HITPOINT WARNING * * *
You emit a cloud of foul miasma!
Something bites you but does no damage. Something barely misses you.
Something bites you.
You die...
Kikubaaqudgha rasps: "You have failed me!
Welcome... death!"

.#.##..#...#..####'####..####...#
.#..##..#.#..###..##.###.).)...##
.....##..#..###.###.#.###)))..##.
##.#..###'####.##..###.####'###..
#.##.###.#.#.##.### ##.##.#.##..
#)##.#.##..#.#.## #.#.#.#.#..
#.##.+..†).+.#.# #.'.#.#.+..
#.##.#..##.#.#.## #.#.#.#.#..
#.##.#.#.###.##@# ##.##.####..
#.#..###+# ##.##{.}##.####'###..
#...## #z# ##.#####.###..#..##.
#..## #z# ##.....###.##.##.##
#.## #z# ###+####..##.##..# ##.#
#o# #. #..#..##. #..#


.zz #.##..#..##) #..+ ⌠⌠⌠ ..##.##..# #..# ##..#..##) There were no monsters in
sight!

Vanquished Creatures
  A two-headed ogre (D:7)
  A manticore (D:7)
  Maggie (D:7)
  An unseen horror (D:7)
  A wraith (D:7)
  Sigmund (D:5)
  Edmund (D:4)
  5 water moccasins
  Duvessa (D:5)
  2 sky beasts (D:7)
  3 ogres
  A black bear (D:7)
  A centaur (D:6)
  3 bullfrogs
  7 scorpions
  2 wights (D:7)
  Dowan (D:5)
  2 howler monkeys
  7 hounds
  A jelly (D:7)
  2 bombardier beetles
  A gnoll bouda (D:7)
  3 orc priests
  Crazy Yiuf (D:5)
  Terence (D:2)
  A sleepcap (D:7)
  2 iguanas
  8 orc wizards
  Robin (D:4)
  5 gnolls (D:7)
  6 adders
  2 shadow imps
  A white imp (D:6)
  5 dart slugs
  16 orcs
  5 ball pythons
  4 endoplasms
  2 giant cockroaches
  18 goblins
  7 hobgoblins
  A quokka (D:1)
  3 training dummies (D:5)
  A bat (D:1)
  5 frilled lizards
  6 kobolds
  7 rats
157 creatures vanquished.

Vanquished Creatures (others)
  A human (D:4)
1 creature vanquished.

Grand Total: 158 creatures vanquished

Notes
Turn   | Place    | Note
-------+----------+-------------------------------------------
     0 | D:1      | chukamok the Demonspawn Ice Elementalist began the quest
                  | for the Orb.
     0 | D:1      | Reached XP level 1. HP: 13/13 MP: 3/3
   293 | D:1      | Gained mutation: You are surrounded by a mild repulsion
                  | field. (EV +2) [demonic ancestry]
   293 | D:1      | Reached XP level 2. HP: 12/19 MP: 5/5
   708 | D:2      | Gained mutation: You may rarely emit foul miasma when
                  | damaged in melee. [demonic ancestry]
   708 | D:2      | Reached XP level 3. HP: 24/24 MP: 6/6
   715 | D:2      | Learned a level 3 spell: Frozen Ramparts
   808 | D:2      | Noticed Terence
   875 | D:2      | Reached skill level 4 in Ice Magic
  1027 | D:2      | Reached XP level 4. HP: 30/31 MP: 8/8
  1034 | D:2      | Learned a level 3 spell: Ozocubu's Armour
  1049 | D:2      | Killed Terence
  1400 | D:3      | Reached skill level 1 in Fighting
  1417 | D:3      | Gained mutation: You are surrounded by a moderate repulsion
                  | field. (EV +3) [demonic ancestry]
  1417 | D:3      | Reached XP level 5. HP: 32/37 MP: 9/9
  2007 | D:4      | Noticed Robin
  2033 | D:4      | Killed Robin
  2283 | D:4      | Noticed Edmund
  2323 | D:4      | Killed Edmund
  2324 | D:4      | Reached XP level 6. HP: 22/44 MP: 8/11
  2368 | D:4      | Identified the +4 rapier of Jasesoed {heavy, rPois rN+
                  | Str+7}
  2415 | D:4      | Found an ancient bone altar of Kikubaaqudgha.
  2419 | D:4      | Noticed a human
  2420 | D:4      | Killed a human
  2427 | D:4      | Became a worshipper of Kikubaaqudgha
  2571 | D:5      | Entered Level 5 of the Dungeon
  2582 | D:5      | Reached skill level 5 in Ice Magic
  2608 | D:5      | Reached XP level 7. HP: 41/50 MP: 13/13
  2665 | D:5      | Found Pahuf's Tiny Tomes.
  2795 | D:5      | Found a runed translucent door.
  2796 | D:5      | Noticed Crazy Yiuf
  2802 | D:5      | Killed Crazy Yiuf
  2838 | D:5      | Found Extah's Firing Range.
  3003 | D:5      | Noticed Dowan
  3003 | D:5      | Noticed Duvessa
  3020 | D:5      | Killed Duvessa
  3021 | D:5      | Gained mutation: You sometimes emit foul miasma when
                  | damaged in melee. [demonic ancestry]
  3021 | D:5      | Reached XP level 8. HP: 48/58 MP: 6/15
  3037 | D:5      | Killed Dowan
  3098 | D:5      | Reached skill level 5 in Spellcasting
  3108 | D:5      | Reached skill level 6 in Ice Magic
  3148 | D:5      | Noticed Sigmund
  3187 | D:5      | Killed Sigmund
  3367 | D:6      | Learned a level 5 spell: Freezing Cloud
  3417 | D:6      | Found a sacrificial altar of Ru.
  3507 | D:6      | Found a snail-covered altar of Cheibriados.
  3519 | D:6      | Reached * piety under Kikubaaqudgha
  3519 | D:6      | Received a gift from Kikubaaqudgha
  3520 | D:6      | Reached skill level 1 in Conjurations
  3522 | D:6      | Learned a level 1 spell: Necrotise
  3526 | D:6      | Learned a level 3 spell: Vampiric Draining
  3874 | D:7      | Noticed Maggie
  3879 | D:6      | Reached skill level 1 in Necromancy
  4074 | D:7      | Killed Maggie
  4075 | D:7      | Reached XP level 9. HP: 42/65 MP: 9/17
  4273 | D:7      | Found a staircase to the Ecumenical Temple.
  4363 | D:7      | Identified the +7 trident of the Foremost Violins {venom,
                  | Str+5 Dex-5}
  4420 | D:7      | Noticed a two-headed ogre
  4432 | D:7      | Killed a two-headed ogre
  4433 | D:7      | Reached skill level 5 in Stealth
  4433 | D:7      | Reached skill level 7 in Ice Magic
  4511 | D:7      | Reached ** piety under Kikubaaqudgha
  4594 | D:7      | Reached skill level 5 in Dodging
  4616 | D:7      | Reached XP level 10. HP: 73/73 MP: 19/19
  4719 | D:7      | Identified the +0 robe of Theory {rPois Will++ Dex+3}
  4721 | D:7      | Noticed a manticore
  4731 | D:7      | Killed a manticore
  4799 | D:7      | Reached skill level 5 in Fighting
  4799 | D:7      | Reached skill level 5 in Necromancy
  4814 | D:7      | Slain by a vampire

Illustrated notes

Levels and vault maps discovered:
D:1:      lemuel_arrival_cross, layout_basic
D:2:      layout_loops_ring, nrook_mini_vaults, hex_tiny, uniq_terence
D:3:      layout_basic, serial_aquarium, aquarium_bridge_island_small
          [aquarium_subvault_small_water, aquarium_subvault_balcony,
          aquarium_subvault_bridge, aquarium_subvault_balcony,
          aquarium_subvault_bridge], aquarium_window_corridor_3,
          aquarium_window_1, aquarium_window_fake, aquarium_view_2d,
          aquarium_view_2d, aquarium_balcony_1a, aquarium_pool_2
D:4:      layout_basic, tgw_kikubaaqudgha, nicolae_houndstooth_variations,
          uniq_edmund, uniq_robin
D:5:      layout_rooms, nicolae_shop_i_like_small_books_too,
          nicolae_shop_firing_range, uniq_sigmund, uniq_duvessa,
          uniq_crazy_yiuf_cottage
D:6:      layout_loops_ring, old_standard_altar,
          chequers_temple_overflow_statue_of_worship
D:7:      minmay_the_grid_octo_tiled_octocenter
          [minmay_the_grid_octo_thin_diamonds, minmay_the_grid_octo_clover,
          minmay_the_grid_octo_checkerflower, minmay_the_grid_octo_odd_swirl,
          minmay_the_grid_octo_prize_single_spiral,
          minmay_the_grid_square_5x5_beaten_path,
          minmay_the_grid_square_5x5_shrine2,
          minmay_the_grid_square_5x5_six_small,
          minmay_the_grid_square_5x5_dogpile], layout_cave_pools,
          minmay_temple_entry_mist, nicolae_twisty_statue_hallways, uniq_maggie

Skill      XL: |  1  2  3  4  5  6  7  8  9 10 |
---------------+-------------------------------+-----
Stealth        | 2 3 4 5 |  5.5
Dodging        | 2 3 4 5 |  5.1
Ice Magic      | 4 5 6 7 |  7.7
Fighting       | 1 2 3 4 5 |  5.0
Spellcasting   | 3 4 5 6 |  6.3
Conjurations   | 2 4 |  4.8
Necromancy     | 2 4 5 |  5.0
Evocations     | |  0.6

Action                     |  1- 3 |  4- 6 |  7- 9 | 10-12 || total
---------------------------+-------+-------+-------+-------++-------
  Melee: Dagger            |    10 |       |       |       ||    10
         Short sword       |     7 |     8 |       |       ||    15
         Rapier            |       |     7 |    67 |    13 ||    87
         Punch             |       |     1 |       |       ||     1
  Throw: Stone             |     1 |     2 |     5 |       ||     8
         Javelin           |       |       |     2 |       ||     2
   Cast: Freeze            |    52 |    60 |    53 |    11 ||   176
         Frozen Ramparts   |       |     9 |    31 |     3 ||    43
         Ozocubu's Armour  |       |     4 |    26 |     2 ||    32
         Necrotise         |       |       |    15 |       ||    15
         Vampiric Draining |       |       |       |     1 ||     1
  Evoke: Lightning rod     |       |       |       |     2 ||     2
         Wand              |       |       |       |     1 ||     1
    Use: Scroll            |       |       |     7 |       ||     7
         Potion            |       |       |       |     1 ||     1
   Stab: Sleeping          |     7 |     2 |     4 |     2 ||    15
 Armour: Robe              |    16 |    33 |       |       ||    49
         Leather armour    |       |     5 |    76 |    30 ||   111
  Dodge: Dodged            |    30 |    26 |   123 |    32 ||   211

Table legend: (Time is in decaauts)
 A = Elapsed time spent in this place.
 B = Non-inter-level travel time spent in this place.
 C = Inter-level travel time spent in this place.
 D = Time resting spent in this place.
 E = Time spent auto-exploring this place.
 F = Levels seen in this place.
 G = Mean time per level.
                   A        B        C        D        E       F      G
               +--------+--------+--------+--------+--------+-----+--------+
         Total |   4880 |   4654 |    226 |     83 |    187 |   7 |  697.1 |
       Dungeon |   4880 |   4654 |    226 |     83 |    187 |   7 |  697.1 |
               +--------+--------+--------+--------+--------+-----+--------+

Top non-repeatable levels by time:
     D:7: 800 daAuts
     D:6: 798 daAuts
     D:5: 717 daAuts
     D:3: 679 daAuts
     D:1: 671 daAuts
     D:4: 645 daAuts
     D:2: 567 daAuts
